Construct Section Command Post
Selects Australian Defense Battlegroup
Selects Australian Light Infantry Section
Australian Light Infantry Section
Construct Platoon Command Post
Selects CMP 15cwt Supply Run
6-pounder Anti-tank Gun Team
Construct Company Command Post
Selects Defensive Tactics
Unlock Towed 17-pounder Anti-tank Guns
Selects Vehicle Over Repair
Selects Reinforced Resource Caches
17-pounder Anti-tank Gun Team
Unlock Bishop Self-propelled Artillery
Bishop Self-propelled Artillery
Selects Charged Creeping Barrage
17-pounder Anti-tank Gun Team
Unlock M3 Grant Medium Tanks
17-pounder Anti-tank Gun Team
17-pounder Anti-tank Gun Team